NWL (28 & UNDER)
BALZAC RAMS @ MENLO MANIACS
09/12/2029
 
TOP OF THE 1ST
Balzac Rams batting - Pitching for Menlo Maniacs : LHP Leonard Simmons
Pitching: LHP Leonard Simmons
Batting: LHB Ryan Rheaume 0-0: Ball
1-0: Ball
2-0: Called Strike
2-1: Ball
3-1: Called Strike
3-2: Base on Balls
Batting: RHB Lorenzo Silva 0-0: Ball
1-0: Ball
2-0: Hit by Pitch
Ryan Rheaume to second
Batting: RHB Jim Martin 0-0: Ball
1-0: Foul Ball, location: 2F
1-1: Foul Ball, location: 2F
1-2: Foul Ball, location: 2F
1-2: Strikes out swinging
Batting: RHB Gunner Allen 0-0: Called Strike
Ryan Rheaume steals 3rd base
Lorenzo Silva to second
0-1: Foul Ball, location: 2F
0-2: Ball
1-2: Foul Ball, location: 2F
1-2: SINGLE (Line Drive, 4D)
Ryan Rheaume scores
Lorenzo Silva to third
Batting: RHB Santiago Rivera 0-0: Ball
Gunner Allen is caught stealing 2nd base
1-0: SINGLE (Line Drive, 7S)
Lorenzo Silva scores
Batting: LHB Troy Jackson 0-0: Ball
1-0: Called Strike
1-1: Called Strike
1-2: Ground out U3 (Groundball, 34)
Top of the 1st over - 2 runs, 2 hits, 0 errors, 1 left on base; Balzac 2 - Menlo 0
BOTTOM OF THE 1ST
Menlo Maniacs batting - Pitching for Balzac Rams : RHP Tim Osborne
Pitching: RHP Tim Osborne
Batting: RHB Dave Warren 0-0: Ball
1-0: Fly out, F9 (Flyball, 9LSF)
Batting: RHB Spencer Pritchett 0-0: Called Strike
0-1: Ball
1-1: Ball
2-1: Ball
3-1: Base on Balls
Batting: RHB Bob Fitzgerald 0-0: Called Strike
Spencer Pritchett steals 2nd base
0-1: Swinging Strike
0-2: Ball
1-2: Foul Ball, location: 2F
1-2: Strikes out swinging
Batting: RHB Katsuhito Ohayashi 0-0: Called Strike
0-1: Fly out, F7 (Line Drive, 78M)
Bottom of the 1st over - 0 runs, 0 hits, 0 errors, 1 left on base; Balzac 2 - Menlo 0
TOP OF THE 2ND
Balzac Rams batting - Pitching for Menlo Maniacs : LHP Leonard Simmons
Batting: RHB Jason Ward 0-0: Foul Ball, location: 2F
0-1: Ball
1-1: Ball
2-1: Foul Ball, location: 2F
2-2: Ball
3-2: Base on Balls
Batting: SHB Emílio Calvillo 0-0: Ball
1-0: Ball
2-0: Called Strike
2-1: Ball
3-1: Base on Balls
Jason Ward to second
Batting: LHB Carlos Romero 0-0: Foul Ball, location: 2F
0-1: Ball
1-1: Swinging Strike
1-2: Strikes out looking
Batting: LHB Ryan Rheaume 0-0: Foul Ball, location: 2F
0-1: Called Strike
Jason Ward steals 3rd base
Emílio Calvillo to second
0-2: Ball
1-2: Ball
2-2: Ball
3-2: Strikes out looking
Batting: RHB Lorenzo Silva 0-0: Fly out, F4 (Line Drive, 4)
Top of the 2nd over - 0 runs, 0 hits, 0 errors, 2 left on base; Balzac 2 - Menlo 0
BOTTOM OF THE 2ND
Menlo Maniacs batting - Pitching for Balzac Rams : RHP Tim Osborne
Batting: RHB Clinton Barton 0-0: Called Strike
0-1: Foul Ball, location: 2F
0-2: Foul Ball, location: 2F
0-2: Strikes out swinging
Batting: SHB José Vélez 0-0: Foul Ball, location: 2F
0-1: Ball
1-1: Called Strike
1-2: Foul Ball, location: 2F
1-2: Fly out, F4 (Popup, 4M)
Batting: RHB William Rogers 0-0: Ball
1-0: Ball
2-0: Ball
3-0: Base on Balls
Batting: LHB Johão Pereirinha 0-0: Called Strike
0-1: Ball
1-1: Ball
2-1: Ball
3-1: SINGLE (Groundball, 34D)
William Rogers to second
Runner from 2nd tries for 3rd, SAFE, throw made to third
Batting: RHB Glenn Carter 0-0: SINGLE (Groundball, 56D)
William Rogers scores
Johão Pereirinha to second
Batting: RHB Dave Warren 0-0: Ball
1-0: Called Strike
1-1: Swinging Strike
1-2: Strikes out swinging
Bottom of the 2nd over - 1 run, 2 hits, 0 errors, 2 left on base; Balzac 2 - Menlo 1
TOP OF THE 3RD
Balzac Rams batting - Pitching for Menlo Maniacs : LHP Leonard Simmons
Batting: RHB Jim Martin 0-0: Fly out, F9 (Flyball, 89D)
Batting: RHB Gunner Allen 0-0: Ball
1-0: Foul Ball, location: 2F
1-1: Ball
2-1: Swinging Strike
2-2: Strikes out looking
Batting: RHB Santiago Rivera 0-0: Ground out 4-3 (Groundball, 4)
Top of the 3rd over - 0 runs, 0 hits, 0 errors, 0 left on base; Balzac 2 - Menlo 1
BOTTOM OF THE 3RD
Menlo Maniacs batting - Pitching for Balzac Rams : RHP Tim Osborne
Batting: RHB Spencer Pritchett 0-0: Ground out 6-3 (Groundball, 56D)
Batting: RHB Bob Fitzgerald 0-0: Ball
1-0: Ball
2-0: Ball
3-0: Called Strike
3-1: Base on Balls
Batting: RHB Katsuhito Ohayashi 0-0: Ball
1-0: Ball
2-0: Called Strike
2-1: Ball
3-1: Swinging Strike
3-2: Base on Balls
Bob Fitzgerald to second
Batting: RHB Clinton Barton 0-0: Ball
1-0: Called Strike
1-1: Ball
2-1: Swinging Strike
2-2: Ball
3-2: Base on Balls
Bob Fitzgerald to third
Katsuhito Ohayashi to second
Batting: SHB José Vélez 0-0: Ball
1-0: Ball
2-0: Called Strike
2-1: Ball
3-1: Foul Ball, location: 2F
3-2: SINGLE (Flyball, 9S)
Bob Fitzgerald scores
Katsuhito Ohayashi to third
Clinton Barton to second
Runner from 3rd tries for Home, SAFE, no throw
Batting: RHB William Rogers 0-0: Ball
1-0: Ball
2-0: Called Strike
2-1: Fly out, F9 (Flyball, 9LS)
Batting: LHB Johão Pereirinha 0-0: Fly out, F2 (Popup, 25F)
Bottom of the 3rd over - 2 runs, 1 hit, 0 errors, 2 left on base; Balzac 2 - Menlo 3
TOP OF THE 4TH
Balzac Rams batting - Pitching for Menlo Maniacs : LHP Leonard Simmons
Batting: LHB Troy Jackson 0-0: Called Strike
0-1: Swinging Strike
0-2: Ball
1-2: Foul Ball, location: 2F
1-2: Strikes out swinging
Batting: RHB Jason Ward 0-0: Called Strike
0-1: Foul Ball, location: 2F
0-2: Strikes out swinging
Batting: SHB Emílio Calvillo 0-0: Ball
1-0: Ball
2-0: Called Strike
2-1: Ground out 4-3 (Groundball, 4)
Top of the 4th over - 0 runs, 0 hits, 0 errors, 0 left on base; Balzac 2 - Menlo 3
BOTTOM OF THE 4TH
Menlo Maniacs batting - Pitching for Balzac Rams : RHP Tim Osborne
Batting: RHB Glenn Carter 0-0: Ball
1-0: Called Strike
1-1: Called Strike
1-2: Ball
2-2: Foul Ball, location: 2F
2-2: Fly out, F9 (Flyball, 89S)
Batting: RHB Dave Warren 0-0: Ball
1-0: Ball
2-0: Ball
3-0: Base on Balls
Batting: RHB Spencer Pritchett 0-0: Ball
1-0: Called Strike
Dave Warren steals 2nd base
1-1: Ground out 5-3 (Groundball, 56)
Batting: RHB Bob Fitzgerald 0-0: Ball
1-0: Foul Ball, location: 2F
1-1: Fly out, F9 (Flyball, 9)
Bottom of the 4th over - 0 runs, 0 hits, 0 errors, 1 left on base; Balzac 2 - Menlo 3
TOP OF THE 5TH
Balzac Rams batting - Pitching for Menlo Maniacs : LHP Leonard Simmons
Batting: LHB Carlos Romero 0-0: Swinging Strike
0-1: Swinging Strike
0-2: Ball
1-2: Ball
2-2: Ball
3-2: Fly out, F8 (Flyball, 89D)
Batting: LHB Ryan Rheaume 0-0: Called Strike
0-1: Ground out U3 (Groundball, 34S)
Batting: RHB Lorenzo Silva 0-0: Foul Ball, location: 2F
0-1: Ball
1-1: Ball
2-1: Called Strike
2-2: Foul Ball, location: 2F
2-2: Ball
3-2: Base on Balls
Batting: RHB Jim Martin 0-0: Called Strike
0-1: Ball
1-1: Called Strike
1-2: Strikes out swinging
Top of the 5th over - 0 runs, 0 hits, 0 errors, 1 left on base; Balzac 2 - Menlo 3
BOTTOM OF THE 5TH
Menlo Maniacs batting - Pitching for Balzac Rams : RHP Tim Osborne
Batting: RHB Katsuhito Ohayashi 0-0: Foul Ball, location: 2F
0-1: Called Strike
0-2: Ball
1-2: Ball
2-2: Ground out 3-1 (Groundball, 34)
Batting: RHB Clinton Barton 0-0: Ball
1-0: Called Strike
1-1: Ball
2-1: Called Strike
2-2: Ground out 3-1 (Groundball, 34)
Batting: SHB José Vélez 0-0: Called Strike
0-1: Ball
1-1: Fly out, F9 (Flyball, 89M)
Bottom of the 5th over - 0 runs, 0 hits, 0 errors, 0 left on base; Balzac 2 - Menlo 3
TOP OF THE 6TH
Balzac Rams batting - Pitching for Menlo Maniacs : LHP Leonard Simmons
Pitching: RHP Brad Small
Batting: RHB Gunner Allen 0-0: Called Strike
0-1: Ball
1-1: Called Strike
1-2: Strikes out swinging
Batting: RHB Santiago Rivera 0-0: Ball
1-0: Ball
2-0: DOUBLE (Line Drive, 7LM)
Batting: LHB Troy Jackson 0-0: Ball
1-0: SINGLE (Line Drive, 78M)
Santiago Rivera to third
Runner from 3rd tries for Home, SAFE, no throw
Batting: RHB Jason Ward 0-0: Ball
1-0: Ball
2-0: Ball
3-0: Base on Balls
Troy Jackson to second
Batting: SHB Emílio Calvillo 0-0: Ball
1-0: Called Strike
1-1: Swinging Strike
1-2: Foul Ball, location: 2F
1-2: Ground out U3 (Groundball, 3)
Troy Jackson to third
Jason Ward to second
Batting: LHB Carlos Romero 0-0: Ball
1-0: Swinging Strike
1-1: Called Strike
1-2: Foul Ball, location: 2F
1-2: Strikes out swinging
Top of the 6th over - 1 run, 2 hits, 0 errors, 2 left on base; Balzac 3 - Menlo 3
BOTTOM OF THE 6TH
Menlo Maniacs batting - Pitching for Balzac Rams : RHP Tim Osborne
Pitching: RHP Reid Mapstone
Batting: RHB William Rogers 0-0: Called Strike
0-1: Fly out, F9 (Flyball, 9S)
Batting: LHB Johão Pereirinha 0-0: Called Strike
0-1: Ball
1-1: Called Strike
1-2: Strikes out swinging
Batting: RHB Glenn Carter 0-0: Foul Ball, location: 2F
0-1: Fly out, F5 (Popup, 5)
Bottom of the 6th over - 0 runs, 0 hits, 0 errors, 0 left on base; Balzac 3 - Menlo 3
TOP OF THE 7TH
Balzac Rams batting - Pitching for Menlo Maniacs : RHP Brad Small
Batting: LHB Ryan Rheaume 0-0: Foul Ball, location: 2F
0-1: SINGLE (Groundball, 5L) (infield hit)
Batting: RHB Lorenzo Silva 0-0: Ball
1-0: Sac Bunt - play at first, batter OUT! 1-4
Ryan Rheaume to second
Batting: RHB Jim Martin 0-0: Intentional Walk
Batting: RHB Gunner Allen 0-0: Ball
1-0: Called Strike
1-1: SINGLE (Groundball, 6MD)
Ryan Rheaume to third
Jim Martin to second
Runner from 3rd tries for Home, SAFE, no throw
Pitching: RHP Samuel Farrell
Batting: RHB Santiago Rivera 0-0: Called Strike
0-1: Fly out, F9 (Flyball, 9LS)
Batting: LHB Troy Jackson 0-0: Called Strike
0-1: Ball
1-1: Called Strike
1-2: Strikes out looking
Top of the 7th over - 1 run, 2 hits, 0 errors, 2 left on base; Balzac 4 - Menlo 3
BOTTOM OF THE 7TH
Menlo Maniacs batting - Pitching for Balzac Rams : RHP Reid Mapstone
Batting: RHB Dave Warren 0-0: Ground out 6-3 (Groundball, 6M)
Batting: RHB Spencer Pritchett 0-0: Ball
1-0: Ball
2-0: Fly out, F7 (Flyball, 7)
Batting: RHB Bob Fitzgerald 0-0: Foul Ball, location: 2F
0-1: SINGLE (Line Drive, 4D)
Batting: RHB Katsuhito Ohayashi 0-0: Swinging Strike
0-1: Ball
1-1: Ball
2-1: Ball
3-1: Hit by Pitch
Bob Fitzgerald to second
Pinch Runner at 2nd Derrek Robinson:
Pinch Hitting: LHB Robby Lawson 0-0: Ball
1-0: Foul Ball, location: 2F
1-1: Foul Ball, location: 2F
1-2: Ball
2-2: 3-RUN HOME RUN (Flyball, 9D), Distance : 393 ft
Pitching: LHP Ben Turner
Batting: SHB José Vélez 0-0: Ball
1-0: Ball
2-0: Ball
3-0: Base on Balls
Batting: RHB William Rogers 0-0: Called Strike
José Vélez is caught stealing 2nd base
Bottom of the 7th over - 3 runs, 2 hits, 0 errors, 0 left on base; Balzac 4 - Menlo 6
TOP OF THE 8TH
Balzac Rams batting - Pitching for Menlo Maniacs : RHP Samuel Farrell
Now at 2B: Miguel González
Now in LF: Kyle Mann
Batting: RHB Jason Ward 0-0: Called Strike
0-1: Called Strike
0-2: Ground out 5-3 (Groundball, 56)
Batting: SHB Emílio Calvillo 0-0: Ground out 6-3 (Groundball, 6D)
Batting: LHB Carlos Romero 0-0: Ball
1-0: Foul Ball, location: 2F
1-1: Ball
2-1: Foul Ball, location: 2F
2-2: Foul Ball, location: 2F
2-2: Ball
3-2: Foul Ball, location: 2F
3-2: Base on Balls
Batting: LHB Ryan Rheaume 0-0: Ball
1-0: Swinging Strike
1-1: Foul Ball, location: 2F
1-2: Strikes out swinging
Top of the 8th over - 0 runs, 0 hits, 0 errors, 1 left on base; Balzac 4 - Menlo 6
BOTTOM OF THE 8TH
Menlo Maniacs batting - Pitching for Balzac Rams : LHP Ben Turner
Batting: RHB William Rogers 0-0: Ball
1-0: Ball
2-0: Foul Ball, location: 2F
2-1: Called Strike
2-2: Ground out 1-3 (Groundball, P)
Batting: LHB Johão Pereirinha 0-0: Called Strike
0-1: SINGLE (Line Drive, 6M)
Batting: RHB Glenn Carter 0-0: Ground out 5-3 (Groundball, 56S)
Johão Pereirinha to second
Batting: RHB Dave Warren 0-0: Ball
1-0: Foul Ball, location: 2F
1-1: Foul Ball, location: 2F
1-2: Ball
2-2: Ball
3-2: 2-RUN HOME RUN (Flyball, 7LD), Distance : 358 ft
Batting: RHB Spencer Pritchett 0-0: Called Strike
0-1: Ball
1-1: Called Strike
1-2: Fly out, F5 (Popup, 56S)
Bottom of the 8th over - 2 runs, 2 hits, 0 errors, 0 left on base; Balzac 4 - Menlo 8
TOP OF THE 9TH
Balzac Rams batting - Pitching for Menlo Maniacs : RHP Samuel Farrell
Batting: RHB Lorenzo Silva 0-0: Foul Ball, location: 2F
0-1: Ball
1-1: Foul Ball, location: 2F
1-2: Foul Ball, location: 2F
1-2: Ground out 6-3 (Groundball, 6)
Batting: RHB Jim Martin 0-0: Foul Ball, location: 2F
0-1: Ball
1-1: Called Strike
1-2: Foul Ball, location: 2F
1-2: Strikes out swinging
Batting: RHB Gunner Allen 0-0: Ball
1-0: Called Strike
1-1: Foul Ball, location: 2F
1-2: Fly out, F6 (Line Drive, 6)
Top of the 9th over - 0 runs, 0 hits, 0 errors, 0 left on base; Balzac 4 - Menlo 8
Saturday, December 16th, 2017 - OOTP Baseball 18.8 Build 76